 Dungeon Crawl Stone Soup version 0.21.1-1-g345015f (webtiles) character file.

245 Wander the Conjurer (level 5, 38/38 HPs)
             Began as a Draconian Conjurer on May 7, 2018.
             Quit the game on level 4 of the Dungeon.
             The game lasted 00:08:55 (2885 turns).

Wander the Conjurer (Draconian Conjurer)            Turns: 2885, Time: 00:08:56

Health: 38/38      AC:  7    Str:  9    XL:     5   Next: 83%
Magic:  2/9        EV: 11    Int: 18    God:
Gold:   97         SH:  3    Dex: 11    Spells: 9/10 levels left

rFire    . . .     SeeInvis .   c - +0 whip
rCold    . . .     Gourm    .   y - +0 buckler
rNeg     . . .     Faith    .   (armour unavailable)
rPois    .         Spirit   .   (helmet restricted)
rElec    .         Reflect  .   f - +0 cloak
rCorr    .         Harm     .   (no gloves)
MR       .....                  r - +0 pair of boots
Stlth    ++........             o - amulet of rage
HPRegen  0.12/turn              d - ring of flight
MPRegen  0.11/turn              (no ring)

@: no status effects
A: unfitting armour, horns 1, clever 1, weak 1, cold-blooded, subdued magic 1,
AC +5
a: Evoke Berserk Rage, Evoke Flight


You were on level 4 of the Dungeon.
You were very hungry.

You visited 1 branch of the dungeon, and saw 4 of its levels.

You collected 97 gold pieces.

Inventory:

Hand Weapons
 c - a +0 whip (weapon)
 q - a +0 war axe of freezing
Armour
 f - a +0 cloak (worn)
 r - a +0 pair of boots (worn)
 y - a +0 buckler (worn)
Jewellery
 d - a ring of flight (left hand)
 o - an amulet of rage (around neck)
Scrolls
 i - a scroll of remove curse {unknown}
 j - 3 scrolls of identify {unknown}
 k - a scroll of fog {unknown}
 m - 2 scrolls of random uselessness {unknown}
 n - 3 scrolls of teleportation {unknown}
 p - 2 scrolls of enchant weapon {unknown}
 s - a scroll of magic mapping {unknown}
 w - a scroll of amnesia {unknown}
 x - a scroll of noise {unknown}
Potions
 l - a potion of might
 v - a potion of brilliance {unknown}
Books
 a - a book of Conjurations

   Spells                             Type                      Level
   a - Magic Dart                     Conjuration                  1
   b - Searing Ray                    Conjuration                  2
   c - Dazzling Spray                 Conjuration/Hexes            3
   d - Fulminant Prism                Conjuration/Hexes            4
   e - Force Lance                    Conjuration/Translocation    4
   f - Iskenderun's Mystic Blast      Conjuration                  4
Comestibles
 b - 5 rations


   Skills:
 + Level 2.0 Maces & Flails
 - Level 1.7 Dodging
 - Level 1.7 Stealth
 * Level 0.7 Shields
 + Level 3.1 Spellcasting
 + Level 5.9 Conjurations
 + Level 0.2 Evocations


You had 9 spell levels left.
You knew the following spells:

 Your Spells              Type           Power        Failure   Level  Hunger
a - Magic Dart            Conj           ###.         1%          1    None


Dungeon Overview and Level Annotations

Branches:
Dungeon (4/15)
 Temple: D:4-7

Altars:
Elyvilon
Kikubaaqudgha
Trog

Annotations:
D:4 Duvessa


Innate Abilities, Weirdness & Mutations

Your plain brown scales are hard. (AC +5)
You cannot fit into any form of body armour.
You are cold-blooded and may be slowed by cold attacks.
You have a pair of small horns on your head.
Your mind is acute. (Int +2)
You are weak. (Str -2)
Your spells are a little easier to cast, but a little less powerful.


Message History

The magic dart hits the howler monkey.
The howler monkey is almost dead.
You feel a little less agile now.
Casting: Magic Dart
Confirm with . or Enter, or press ? or * to list all spells.
Aiming: Magic Dart
Press: ? - help, Shift-Dir - straight line, f/p - howler monkey
Aim: a howler monkey (almost dead)
The magic dart hits the howler monkey.
You kill the howler monkey!
Your Maces & Flails skill increases to level 2!
You start resting.
HP restored.
You start resting.
Duvessa, Sister of Dowan comes into view.
She is wielding a rapier.
Level annotation: Duvessa Welcome back, Wander the Draconian Conjurer.
Press ? for a list of commands and other information.
Autopickup is now off.
Are you sure you want to abandon this character and quit the game? (Confirm with "yes".)

.. .e. ..#.... ....
..#...
....##########.#..
............##.#.#
............##...#
#..........#...###.#
#....@.....#.......#
#....##.......######
....... #.#..........#
....... #+#........#.#
....... .........#.#.#
.......#.........#.#.##.
.......#...........#....
.......#....##+#...#....
##.#. #..<'....


You could see Duvessa (wandering).

Vanquished Creatures
  A howler monkey (D:4)
  An orc wizard (D:3)
  A worker ant (D:4)
  6 adders
  2 oozes
  2 worms
  3 dart slugs
  3 leopard geckos
  4 orcs (D:3)
  2 ball pythons
  2 giant cockroaches
  2 goblins
  10 hobgoblins
  4 jackals
  8 kobolds
  A quokka (D:3)
  12 bats
  4 frilled lizards
  10 rats
78 creatures vanquished.

Vanquished Creatures (others)
  A human (D:3)
  4 toadstools (D:1)
5 creatures vanquished.

Grand Total: 83 creatures vanquished

Notes
Turn   | Place    | Note
-------+----------+-------------------------------------------
     0 | D:1      | Wander the Draconian Conjurer began the quest for the Orb.
     0 | D:1      | Reached XP level 1. HP: 14/14 MP: 3/3
   257 | D:1      | Reached XP level 2. HP: 19/20 MP: 5/5
   918 | D:2      | Reached XP level 3. HP: 26/26 MP: 3/6
  1098 | D:2      | Found a white marble altar of Elyvilon.
  1161 | D:2      | Reached skill level 5 in Conjurations
  1432 | D:2      | Found a bloodstained altar of Trog.
  1454 | D:2      | Reached XP level 4. HP: 20/33 MP: 0/7
  1996 | D:2      | Reached skill level 1 in Maces & Flails
  2216 | D:3      | Reached XP level 5. HP: 34/38 MP: 4/9
  2752 | D:3      | Found an ancient bone altar of Kikubaaqudgha.
  2753 | D:3      | Noticed a human
  2755 | D:3      | Killed a human
  2832 | D:4      | Gained mutation: Your spells are a little easier to cast, but a little less powerful. [potion of mutation]
  2832 | D:4      | Gained mutation: You are weak. (Str -2) [potion of mutation]
  2832 | D:4      | Gained mutation: Your mind is acute. (Int +2) [potion of mutation]
  2832 | D:4      | Gained mutation: You have a pair of small horns on your head. [potion of mutation]
  2885 | D:4      | Noticed Duvessa
  2885 | D:4      | Quit the game

Skill      XL: |  1  2  3  4  5 |
---------------+----------------+-----
Conjurations   | 5 |  5.9
Maces & Flails | 1 2 |  2.0
Spellcasting   | 3 |  3.1
Dodging        | |  1.7
Stealth        | |  1.7
Shields        | |  0.7
Evocations     | |  0.2

Action                   |  1- 3 |  4- 6 || total
-------------------------+-------+-------++-------
Melee: Whip              |    44 |    62 ||   106
       Unarmed           |     6 |       ||     6
       Tailslap          |     4 |     5 ||     9
 Cast: Magic Dart        |    57 |    84 ||   141
 Abil: Evoke Berserk Rag |       |     1 ||     1
  Use: Potion            |       |     6 ||     6
 Stab: Sleeping          |     1 |       ||     1
  Eat: Chunk             |     2 |     5 ||     7
Armor: Skin              |    18 |    34 ||    52
Dodge: Dodged            |    43 |    57 ||   100
Block: Buckler           |       |     4 ||     4
